Map: Acid Plant LE

Players

lIIllllIIlll (INnoVation) - Winner!

  • Race: Terran Terran
  • League: Master
  • Spawn Location: 11:00

Zanster

  • Race: Zerg Zerg
  • Spawn Location: 5:00

Event: HomeStory Cup XVIII

VOD

Have the link to the VOD?

Description

Time

  • Played on: Nov. 22, 2018, 11:54 a.m.
  • Length: 20:39

All games in this series

Show
View Real Time Build Order
Export as new Build Order

lIIllllIIlll Terran - Winner!

Build Orders: Gas First Reaper Expand, Liberator Opening, Reaper Expand 

Get SALT Encoding   

  12  0:00  SCV  
  13  0:12  SCV  
  14  0:17  Supply Depot  
  14  0:24  SCV  
  14  0:28  Refinery  
  15  0:38  SCV  
  16  0:44  Barracks  
  16  0:50  SCV  
  17  1:02  SCV  
  18  1:15  SCV  
  19  1:31  Reaper, Orbital Command  
  20  1:42  Command Center  
  20  1:53  Factory  
  20  1:57  SCV  
  21  2:05  Barracks Reactor  
  21  2:09  SCV  
  21  2:11  Supply Depot  
  22  2:15  Refinery  
  22  2:21  SCV  
  23  2:33  SCV  
  24  2:42  Starport  
  24  2:44  Hellion x2  
  24  2:46  SCV  
  29  2:55  Orbital Command  
  29  2:59  SCV  
  29  3:01  Barracks Tech Lab  
  30  3:09  Hellion  
  30  3:10  Hellion  
  30  3:12  SCV  
  35  3:20  Viking  
  35  3:23  SCV  
  35  3:24  SCV  
  39  3:30  Stimpack  
  39  3:39  Supply Depot, SCV x2  
  41  3:44  Marine  
  42  3:49  Factory Tech Lab  
  42  3:50  Liberator  
  42  3:51  SCV  
  42  3:52  SCV  
  44  4:00  Hellion  
  45  4:05  Marauder  
  45  4:07  Supply Depot, Hellion  
  42  4:26  SCV  
  42  4:27  Marauder  
  42  4:28  Hellion  
  42  4:34  Orbital Command  
  42  4:38  SCV  
  43  4:41  Supply Depot  
  43  4:47  Orbital Command  
  43  4:48  Marauder  
  43  4:50  Medivac  
  47  4:55  Factory Tech Lab  
  47  4:56  SCV  
  48  5:04  Supply Depot  
  48  5:08  SCV  
  48  5:10  Marine  
  48  5:14  Siege Tank  
  53  5:15  SCV  
  53  5:20  SCV  
  55  5:23  Orbital Command  
  56  5:29  Marine  
  56  5:31  Starport Reactor  
  56  5:32  SCV  
  57  5:35  Command Center  
  57  5:44  SCV  
  57  5:48  Siege Tank  
  58  5:54  Marine  
  58  5:56  SCV  
  57  6:12  Marine  
  58  6:19  Supply Depot x2  
  58  6:20  Supply Depot  
  55  6:41  Marine, Siege Tank  
  55  6:42  SCV  
  55  6:44  Command Center  
  55  6:45  Medivac  
  62  6:52  Combat Shield  
  62  6:55  SCV  
  62  7:00  Marine  
  64  7:04  Bunker  
  64  7:07  SCV  
  65  7:13  Siege Tank  
  68  7:17  Orbital Command  
  68  7:20  SCV  
  68  7:32  Marine, SCV  
  68  7:41  Barracks x2  
  68  7:43  Starport Reactor  
  68  7:46  SCV x2  
  68  7:50  Marine  
  71  7:51  Siege Tank  
  71  7:57  Engineering Bay x2  
  74  8:07  SCV, Orbital Command  
  74  8:08  SCV  
  74  8:10  Marine  
  62  8:20  SCV  
  62  8:21  SCV  
  64  8:28  Terran Infantry Weapons Level 1, Terran Infantry Armor Level 1  
  64  8:35  Refinery  
  64  8:36  Refinery  
  64  8:37  Marine x2  
  64  8:38  Marine  
  64  8:40  Starport Reactor  
  67  8:46  Marine x2  
  69  8:50  Orbital Command  
  69  8:51  SCV  
  69  8:54  SCV  
  71  8:56  Marine x2  
  71  8:57  Supply Depot  
  71  8:59  Siege Tank  
  76  9:03  SCV  
  76  9:05  Marine x3  
  76  9:06  SCV  
  81  9:14  Marine x2  
  83  9:21  SCV x3  
  83  9:23  Marine x3, Medivac x2  
  92  9:29  Supply Depot  
  92  9:30  Orbital Command  
  92  9:31  Marine  
  92  9:32  Marine  
  92  9:37  SCV  
  96  9:41  Marine x3, Siege Tank  
  100  9:47  SCV  
  100  9:49  Marine x2, SCV  
  100  9:50  Armory  
  102  9:58  Marine x2  
  102  9:59  Marine  
  105  10:02  Supply Depot, Medivac x2  
  109  10:12  SCV x2  
  109  10:13  SCV  
  109  10:14  Marine x2  
  111  10:15  Siege Tank  
  113  10:26  SCV x3  
  113  10:27  Marine x2  
  113  10:28  Marauder  
  117  10:31  Marine  
  117  10:32  Marine  
  117  10:35  Bunker, Medivac  
  121  10:44  SCV x3  
  121  10:46  Refinery  
  121  10:47  Refinery  
  121  10:51  Terran Infantry Weapons Level 2  
  121  10:57  SCV x3  
  116  10:58  Terran Infantry Armor Level 2  
  116  11:04  Missile Turret, Marine x3, Marauder  
  121  11:12  Siege Tank  
  121  11:15  Marine  
  125  11:22  Marine x2  
  125  11:24  Barracks  
  125  11:25  Terran Vehicle And Ship Armor Level 1, Barracks  
  129  11:26  Marauder  
  129  11:37  Marine x2  
  129  11:39  Marine  
  131  11:40  Marine  
  133  11:54  Supply Depot  
  133  11:55  Marauder, Medivac x2, Siege Tank  
  133  11:56  Supply Depot x2, Missile Turret  
  142  12:01  Marine x3  
  142  12:02  Marine  
  142  12:03  Concussive Shells  
  142  12:17  Marauder  
  142  12:20  Barracks Reactor x2  
  143  12:25  Command Center  
  143  12:28  Siege Tank  
  145  12:32  Factory  
  145  12:38  Medivac x2  
  145  12:43  Marine  
  145  12:44  Marine x3, Marauder  
  155  12:52  SCV x3  
  155  12:53  Sensor Tower  
  158  13:03  Marine x2  
  158  13:04  Marine x6  
  164  13:19  Factory Tech Lab, Siege Tank  
  164  13:25  Terran Infantry Weapons Level 3, Terran Infantry Armor Level 3, Terran Vehicle And Ship Armor Level 2  
  162  13:29  SCV  
  162  13:30  SCV  
  162  13:31  SCV  
  163  13:46  SCV x3  
  166  13:49  Siege Tank  
  166  13:51  Siege Tank  
  166  13:52  Marine x3, Marauder  
  166  13:53  Marine x2  
  179  14:04  Sensor Tower  
  179  14:06  Marine  
  179  14:07  Marine x2  
  179  14:09  Planetary Fortress  
  182  14:10  Marine x3  
  182  14:11  SCV  
  182  14:12  SCV  
  187  14:18  Supply Depot x2  
  187  14:22  Marine  
  188  14:39  Marine x6, Siege Tank  
  188  14:40  Siege Tank  
  188  14:44  Marine  
  199  14:45  Medivac  
  199  14:46  Medivac  
  200  14:56  Barracks  
  200  14:57  Marine  
  200  14:58  Marauder, Barracks x2  
  196  15:09  Marine x4  
  197  15:15  Siege Tank, Medivac  
  197  15:16  Medivac  
  188  15:37  Marine x6  
  188  15:38  Marauder, Marine x2  
  189  15:45  Medivac  
  189  15:46  Medivac, Barracks Tech Lab x3  
  189  15:48  Siege Tank x2  
  192  15:55  Marine x5  
  192  15:56  Marine  
  196  15:57  Marine, Orbital Command  
  196  15:59  Marine  
  196  16:00  Marine  
  186  16:14  Marine x5  
  172  16:22  Marine  
  172  16:28  Marine  
  172  16:29  Marine  
  172  16:31  Marauder, Marine  
  172  16:32  Marine  
  172  16:33  Marine x2  
  172  16:35  Starport, Marine  
  172  16:36  Starport, Marine x2, Refinery  
  172  16:37  Marine, Viking  
  172  16:38  Viking  
  171  16:40  Marine  
  171  16:46  Marine  
  171  16:47  Marine  
  164  16:49  Marine  
  164  16:50  Marine  
  164  16:51  Marine x3  
  164  16:53  Marine x2  
  157  16:54  Marine  
  157  16:55  Marine  
  157  16:58  Marine  
  160  17:02  Refinery  
  160  17:04  Marine x2  
  160  17:07  Marine, Refinery  
  160  17:08  Marine x3, Refinery  
  164  17:09  Marine  
  164  17:10  Marine, Command Center  
  164  17:11  Marine  
  164  17:12  Marine  
  164  17:13  Marine, Viking  
  171  17:17  Viking  
  171  17:19  Viking  
  171  17:20  Viking  
  167  17:27  Marine  
  167  17:28  Marine x4  
  172  17:48  Supply Depot  
  172  17:50  Supply Depot  
  172  17:55  Marine  
  172  18:10  Viking x4  
  172  18:12  Marine x4  
  181  18:13  Supply Depot, Marine x4  
  188  18:20  Marine  
  188  18:21  Thor  
  189  18:33  Orbital Command  
  183  18:40  Viking x4  
  179  19:00  Marine x10  
  189  19:10  Viking x2  
  189  19:12  Viking x2  
  197  19:20  Marine  
  197  19:21  Marine x2  
  199  19:32  Marine  
  190  19:39  Marine  
  190  19:41  Marine  
  176  19:51  Medivac x2  
  175  19:52  Siege Tank  
  175  19:53  Marine, Siege Tank  
  175  19:54  Marine  
  175  19:57  Marine x9  
  175  19:59  Marine  
  185  20:11  Marine  
  185  20:12  Marine  
  187  20:15  Marine x9  
  187  20:16  Marine  
Show
View Real Time Build Order
Export as new Build Order

Zanster Zerg 

Build Orders: Hatch First 

Get SALT Encoding   

  12  0:00  Drone  
  13  0:12  Overlord  
  13  0:16  Drone  
  14  0:31  Drone x2  
  16  0:36  Drone  
  17  0:51  Hatchery  
  17  0:54  Drone  
  17  0:58  Drone  
  18  1:07  Drone  
  18  1:08  Extractor  
  18  1:16  Spawning Pool  
  18  1:18  Drone  
  18  1:28  Drone  
  19  1:38  Drone  
  20  1:48  Hatchery  
  20  1:50  Drone  
  20  2:07  Queen  
  20  2:08  Zergling x4  
  24  2:12  Metabolic Boost  
  24  2:18  Drone  
  24  2:20  Drone  
  26  2:26  Drone x2  
  28  2:39  Roach Warren  
  28  2:41  Drone  
  28  2:44  Overlord  
  28  2:49  Overlord  
  28  3:01  Queen  
  30  3:11  Zergling x8  
  34  3:19  Roach x2  
  38  3:20  Overlord  
  38  3:22  Roach  
  38  3:26  Zergling x2  
  41  3:27  Zergling x2  
  42  3:37  Roach  
  42  3:39  Queen  
  47  3:41  Ravager  
  47  3:43  Ravager  
  47  3:47  Zergling x4  
  47  3:48  Zergling x2  
  50  3:58  Zergling x8  
  50  4:02  Overlord  
  54  4:12  Overlord  
  52  4:24  Zergling x6  
  52  4:27  Queen  
  52  4:28  Ravager  
  53  4:36  Ravager  
  53  4:37  Zergling x8  
  53  4:38  Drone x2  
  57  4:44  Drone x2  
  59  4:51  Roach x2  
  63  4:53  Drone  
  63  4:58  Drone  
  65  5:05  Drone  
  66  5:07  Overlord  
  66  5:11  Overlord  
  66  5:12  Drone x3  
  69  5:15  Drone  
  69  5:16  Drone  
  71  5:21  Spore Crawler  
  71  5:26  Drone  
  71  5:27  Drone  
  73  5:28  Ravager  
  73  5:35  Drone x2  
  72  5:36  Drone x2  
  72  5:41  Drone  
  75  5:44  Drone  
  75  5:45  Drone  
  75  5:48  Queen  
  79  5:51  Lair  
  79  5:57  Overlord  
  79  6:07  Overlord  
  69  6:12  Drone  
  69  6:13  Drone x3  
  58  6:24  Drone  
  58  6:25  Drone x6  
  57  6:26  Drone x3  
  57  6:28  Drone  
  58  6:40  Drone x2  
  58  6:46  Ravager  
  60  6:48  Drone  
  60  6:54  Drone x2  
  62  6:55  Drone  
  62  6:56  Drone  
  65  7:03  Drone x2  
  67  7:16  Drone x5  
  67  7:19  Extractor  
  71  7:32  Overlord, Roach  
  73  7:37  Zergling x6  
  73  7:38  Roach, Zergling x2  
  73  7:39  Zergling x6  
  82  7:44  Overlord  
  82  7:50  Zergling x2  
  82  7:51  Zergling x8  
  87  7:55  Zergling x2  
  87  7:56  Hatchery  
  87  8:01  Zergling x8  
  87  8:02  Overlord  
  80  8:21  Drone x8  
  80  8:26  Drone x3  
  79  8:28  Drone x2  
  79  8:31  Glial Reconstitution  
  79  8:32  Drone, Evolution Chamber  
  79  8:33  Evolution Chamber  
  80  8:37  Drone  
  81  8:44  Extractor  
  81  8:47  Roach  
  81  8:48  Roach  
  84  8:50  Roach  
  84  8:51  Roach  
  84  8:52  Hatchery  
  87  8:57  Queen  
  87  8:59  Roach x3  
  95  9:04  Drone x5  
  95  9:08  Zerg Missile Weapons Level 1  
  100  9:16  Zerg Ground Armor Level 1  
  100  9:18  Overlord  
  100  9:22  Extractor  
  96  9:26  Drone  
  96  9:27  Drone x7  
  104  9:32  Overlord  
  104  9:36  Queen  
  104  9:38  Roach x3, Zergling x2  
  108  9:47  Roach x4  
  113  9:55  Roach x5  
  122  10:02  Queen  
  122  10:03  Overlord  
  122  10:06  Roach x3  
  129  10:19  Zergling x2  
  129  10:20  Zergling x12  
  120  10:25  Zergling x6  
  113  10:32  Extractor, Drone  
  113  10:33  Queen, Drone x6  
  113  10:34  Extractor, Drone x4  
  113  10:50  Roach x5  
  113  10:52  Overlord  
  113  10:55  Roach  
  121  10:57  Drone  
  121  11:00  Drone x3  
  125  11:05  Queen  
  129  11:11  Roach x3  
  129  11:12  Infestation Pit  
  129  11:15  Ravager  
  129  11:16  Ravager x2  
  129  11:18  Drone x4  
  139  11:21  Ravager x2  
  139  11:22  Ravager x2  
  143  11:31  Zerg Missile Weapons Level 2  
  143  11:33  Drone  
  143  11:34  Drone x8  
  152  11:42  Spore Crawler  
  152  11:43  Zerg Ground Armor Level 2  
  152  11:45  Zergling x8  
  152  11:46  Zergling x2  
  155  11:50  Zergling x2  
  155  11:51  Zergling x6  
  155  11:54  Extractor  
  158  11:55  Overlord x2  
  158  11:57  Ravager  
  158  11:59  Overlord x2  
  159  12:10  Overlord  
  159  12:15  Roach x8  
  170  12:29  Extractor  
  169  12:32  Roach x5  
  169  12:33  Roach  
  181  12:40  Infestor  
  181  12:41  Infestor  
  185  12:45  Hatchery  
  185  12:48  Roach x5  
  194  12:52  Overlord  
  194  13:01  Overlord  
  194  13:06  Overlord  
  190  13:21  Drone  
  190  13:22  Roach  
  190  13:23  Roach x3  
  190  13:25  Hive  
  199  13:28  Spire  
  192  13:43  Roach x5  
  192  13:47  Ravager  
  200  13:51  Hatchery  
  200  13:53  Pathogen Glands  
  200  13:55  Spore Crawler  
  198  13:56  Spore Crawler  
  198  13:59  Burrow  
  198  14:01  Spore Crawler  
  196  14:04  Spore Crawler  
  195  14:11  Infestor  
  195  14:12  Infestor  
  199  14:40  Queen  
  199  14:41  Greater Spire  
  181  15:01  Corruptor x7  
  185  15:19  Drone  
  185  15:20  Drone x5  
  185  15:28  Extractor  
  181  15:31  Extractor  
  181  15:34  Corruptor x4  
  176  15:59  Brood Lord x7  
  176  16:02  Hatchery  
  174  16:14  Brood Lord x2  
  174  16:15  Roach x5, Zergling x2  
  174  16:16  Overlord, Zergling x4  
  179  16:24  Overlord  
  174  16:31  Brood Lord  
  174  16:32  Drone  
  168  16:33  Drone x5  
  168  16:36  Brood Lord  
  170  16:43  Drone x2  
  170  16:44  Drone  
  171  16:47  Roach x5  
  181  17:08  Hatchery  
  181  17:09  Corruptor x3  
  186  17:21  Corruptor x2  
  190  17:24  Drone  
  190  17:25  Drone x5  
  190  17:28  Extractor  
  195  17:41  Zerg Melee Weapons Level 1  
  195  17:45  Corruptor x2  
  195  17:49  Extractor  
  198  17:57  Extractor  
  197  18:00  Extractor  
  197  18:02  Corruptor x2  
  188  18:34  Corruptor x5  
  196  18:45  Corruptor  
  194  18:48  Queen x2  
  194  18:49  Queen  
  194  18:50  Overlord  
  200  19:01  Overseer x2  
  200  19:11  Extractor  
  200  19:13  Spore Crawler  
  200  19:14  Spore Crawler  
  200  19:15  Spore Crawler  
  200  19:16  Extractor, Spore Crawler x2  
  193  19:24  Pneumatized Carapace  
  175  19:44  Corruptor x6  
  136  19:53  Brood Lord x5  
  136  19:55  Roach x5, Zergling x18  
  136  19:56  Zergling x8  
  157  20:06  Brood Lord  
  145  20:12  Roach x9  
  161  20:17  Overlord  
  161  20:19  Overlord  
Tags
 
Add a new tag
Caveats
  • Supply blocks, unpowered buildings, or Contaminate may cause inaccurate times.
  • Supply counts are checked every 10 seconds.